 Dungeon Crawl Stone Soup version 0.30.0-29-ga12c61a403 (webtiles) character file.

Game seed: 13403321540570935197

326750 Dadbod the Executioner (level 22, -9/180 HPs)
             Began as a Formicid Fighter on June 19, 2023.
             Was the Champion of Okawaru.
             Killed from afar by Nikola (53 damage)
             ... with an arc of chain lightning
             ... on level 1 of the Vaults on June 20, 2023.
             The game lasted 02:54:05 (41374 turns).

Dadbod the Executioner (Formicid Fighter)          Turns: 41374, Time: 02:54:05

Health: -9/180     AC: 22    Str: 28    XL:     22   Next: 62%
Magic:  30/30      EV: 19    Int:  9    God:    Okawaru [******]
Gold:   4278       SH: 25    Dex: 20    Spells: 21/21 levels left

rFire   + . .        L - +9 executioner's axe (freeze)
rCold   + + .        a - +2 tower shield {rC+}
rNeg    . . .        K - +0 storm dragon scales
rPois   +            (helmet unavailable)
rElec   +            P - scarf of Okawaru, Bashing {repulsion, rC+ Dex+3 Stlth+}
rCorr   .            W - +2 pair of gloves {Str+3}
SInv    +            l - +1 pair of boots of Inference {+Inv rPois}
Will    ++...        C - amulet of faith
Stlth   +            U - ring of protection from fire
HPRegen 0.50/turn    y - +5 ring of evasion
MPRegen 0.22/turn

%: repel missiles, clarity, faith
@: no status effects
A: permanent stasis, dig shafts and tunnels, antennae 3, four strong arms,
talons 1, clarity, weak 1, MP-powered wands
}: 2/15 runes: decaying, serpentine
a: Dig, Shaft Self, Renounce Religion, Evoke Invisibility, Heroism, Finesse,
Duel


You were on level 1 of the Vaults.
You worshipped Okawaru.
Okawaru was exalted by your worship.
You visited 9 branches of the dungeon, and saw 36 of its levels.
You also visited: Ice Cave and Volcano.

You collected 5134 gold pieces.
You spent 856 gold pieces at shops.

Inventory:

Hand Weapons
 v - a +5 broad axe of flaming
 L - a +9 executioner's axe of freezing (weapon)
Missiles
 q - 7 curare-tipped darts
 r - 5 throwing nets
 s - 5 silver boomerangs
 z - 9 boomerangs
 D - 12 javelins (quivered)
 J - 3 silver javelins
Armour
 a - a +2 tower shield of cold resistance (worn)
 l - the +1 pair of boots of Inference (worn) {+Inv rPois}
   (Okawaru gifted it to you on level 5 of the Lair of Beasts)

   rPois:     It protects you from poison.
   +Inv:      It lets you turn invisible.
 K - +0 storm dragon scales (worn)
 P - the scarf of Okawaru, Bashing (worn) {repulsion, rC+ Dex+3 Stlth+}
   (Okawaru gifted it to you on level 5 of the Lair of Beasts)

   Dex:       It affects your dexterity (+3).
   rC:        It protects you from cold.
   Stlth:     It makes you more stealthy.
 Q - a +2 plate armour of fire resistance
 R - the +2 pair of boots "Vaintentej" {Regen+ rCorr Int+3 Dex+2}
   (Okawaru gifted it to you on level 4 of the Snake Pit)

   Int:       It affects your intelligence (+3).
   Dex:       It affects your dexterity (+2).
   Regen:     It increases your rate of health regeneration.
   rCorr:     It protects you from acid and corrosion.
 S - the +2 kite shield of Golden Lucidity {Rampage rC++ Regen+ Str-5}
   (Okawaru gifted it to you on level 14 of the Dungeon)

   Str:       It affects your strength (-5).
   rC:        It greatly protects you from cold.
   Regen:     It increases your rate of health regeneration.
   Rampage:   It bestows one free step when moving towards enemies.
 W - a +2 pair of gloves of strength (worn)
 Y - the +2 chain mail "Oba Kyfasch" {rN+}
   (Okawaru gifted it to you on level 3 of the Swamp)

   rN:        It protects you from negative energy.
Jewellery
 b - a ring of protection from cold
 j - a +4 ring of slaying
 u - the amulet of Imiu {Acrobat Will- Regen+ Dex+6}
   (You found it in an ice cave)

   [amulet of the acrobat]

   It increases your evasion while moving and waiting.
   Dex:       It affects your dexterity (+6).
   Regen:     It increases your rate of health regeneration.
   Will:      It decreases your willpower.
 y - a +5 ring of evasion (right hand)
 C - an amulet of faith (around neck)
 M - a ring of willpower
 N - a +6 ring of dexterity
 U - a ring of protection from fire (left hand)
 Z - a +6 ring of strength
Wands
 c - a wand of mindburst (32)
 e - a wand of polymorph (6)
 f - a wand of digging (10)
 m - a wand of light (22)
 t - a wand of roots (44)
 w - a wand of flame (16)
 X - a wand of paralysis (24)
Scrolls
 k - 7 scrolls of enchant armour
 n - 5 scrolls of fear
 x - 8 scrolls of fog
 A - 10 scrolls of identify
 E - a scroll of immolation
 G - 3 scrolls of poison
 I - a scroll of silence
 O - 2 scrolls of enchant weapon
 T - a scroll of magic mapping
Potions
 d - 6 potions of might
 g - 6 potions of lignification
 h - 12 potions of curing
 i - 4 potions of heal wounds
 o - 8 potions of flight
 F - 4 potions of mutation
 H - 2 potions of attraction
 V - a potion of invisibility
Miscellaneous
 p - a lightning rod (4/4)
 B - a phial of floods


   Skills:
 * Level 16.6 Fighting
 * Level 23.6 Axes
 * Level 9.9 Throwing
 * Level 13.2 Armour
 * Level 10.1 Dodging
 - Level 3.6 Stealth
 * Level 20.4 Shields
 * Level 10.8 Invocations
 * Level 9.0 Evocations


You had 21 spell levels left.
You didn't know any spells.
Your spell library contained the following spells:

 Spells                   Type           Power      Damage    Failure   Level
 Apportation              Tloc           0%         N/A       93%         1
 Magic Dart               Conj           0%         1d3       93%         1
 Necrotise                Necr           0%         1d4       93%         1
 Sandblast                Erth           0%         2d4       93%         1
 Lesser Beckoning         Tloc           0%         N/A       98%         2
 Passwall                 Tmut/Erth      0%         N/A       98%         2
 Searing Ray              Conj           0%         2d4       98%         2
 Static Discharge         Conj/Air       0%         2-2/arc   98%         2
 Sublimation of Blood     Necr           0%         N/A       98%         2
 Wereblood                Tmut           0%         N/A       98%         2
 Frozen Ramparts          Ice            0%         1d1       100%        3
 Gell's Gravitas          Tloc           0%         N/A       100%        3
 Ignite Poison            Fire/Tmut/Pois 0%         N/A       100%        3
 Portal Projectile        Hex/Tloc       0%         N/A       100%        3
 Stone Arrow              Conj/Erth      0%         3d7       100%        3
 Teleport Other           Tloc           0%         N/A       100%        3
 Airstrike                Air            0%         2d(0-16)  100%        4
 Fulminant Prism          Conj/Hex       0%         3d5       100%        4
 Ice Form                 Ice/Tmut       0%         N/A       100%        4
 Leda's Liquefaction      Hex/Erth       0%         N/A       100%        4
 Manifold Assault         Tloc           0%         N/A       100%        4
 Passage of Golubria      Tloc           0%         N/A       100%        4
 Sticky Flame             Conj/Fire      0%         2d3       100%        4
 Borgnjor's Vile Clutch   Necr/Erth      0%         N/A       100%        5
 Silence                  Hex/Air        0%         N/A       100%        5
 Yara's Violent Unravell  Hex/Tmut       0%         3d3       100%        5
 Dispersal                Tloc           0%         N/A       100%        6
 Eringya's Noxious Bog    Tmut/Pois      0%         N/A       100%        6
 Disjunction              Tloc           0%         N/A       100%        8
 Ignition                 Fire           0%         3d3       100%        8
 Lehudib's Crystal Spear  Conj/Erth      0%         10d2      100%        8
 Summon Small Mammal      Summ           Unusable   N/A       N/A         1
 Call Canine Familiar     Summ           Unusable   N/A       N/A         3
 Summon Guardian Golem    Hex/Summ       Unusable   N/A       N/A         3
 Tukima's Dance           Hex            Unusable   N/A       N/A         3
 Animate Dead             Necr           Unusable   N/A       N/A         4
 Summon Ice Beast         Ice/Summ       Unusable   N/A       N/A         4
 Summon Lightning Spire   Summ/Air       Unusable   N/A       N/A         4
 Summon Forest            Summ/Tloc      Unusable   N/A       N/A         5
 Death Channel            Necr           Unusable   N/A       N/A         6
 Summon Hydra             Summ           Unusable   N/A       N/A         7

Dungeon Overview and Level Annotations

Branches:
Dungeon (15/15)            Temple (1/1) D:5            Lair (5/5) D:8
  Swamp (4/4) Lair:3        Snake (4/4) Lair:3        Slime (0/5) Lair:5
    Orc (2/2) D:10            Elf (1/3) Orc:2        Vaults (1/5) D:13
 Depths (3/4) D:15          IceCv (visited)         Volcano (visited)

Altars:
Cheibriados
Elyvilon
Fedhas
Gozag
Hepliaklqana
Nemelex Xobeh
Okawaru
Qazlal
Ru
Sif Muna
Trog
Uskayaw
Wu Jian
Xom
Yredelemnul
Zin
The Shining One
Jiyva

Shops:
D:8 !   Orc:1 (!   Orc:2 :?[[[*[   Snake:2 (!(   Snake:4 (   Depths:2 [

Portals:
Hell: Depths:1 Depths:2 Depths:3
Abyss: Depths:1 Depths:3
Pandemonium: Depths:1 Depths:2 Depths:3
Ziggurat: Depths:3
Trove: Depths:1 (give +3 gold dragon scales)

Annotations:
Lair:4 3 runed translucent doors, exclusion: 2 oklob plants, Tirrikindir's ghost, journeyman GrBe
Vaults:1 Nikola


Innate Abilities, Weirdness & Mutations

You cannot be hasted, slowed, berserked, paralysed or teleported.
You can dig through walls and to a lower floor.
You have a pair of large antennae on your head. (SInv)
Your four strong arms can wield two-handed weapons with a shield.
You have sharp toenails.
You possess an exceptional clarity of mind.
You are weak. (Str -2)
You expend magic power (3 MP) to strengthen your wands.


Message History

Unknown command.
Unknown command.
Unknown command.
Unknown command.
You feel much better. You block Nikola's attack.
You barely miss Nikola.
Nikola is heavily wounded.
Unknown command.
Unknown command.
You slice Nikola!! You freeze Nikola!
Nikola is severely wounded.
You block Nikola's attack.
You completely miss Nikola.
Nikola is severely wounded.
You block Nikola's attack.
You closely miss Nikola.
Nikola is severely wounded.
You block Nikola's attack.
You closely miss Nikola.
Nikola is severely wounded.
Nikola completely misses you.
You hit Nikola. You freeze Nikola.
Nikola is severely wounded.
You slash Nikola! You freeze Nikola.
Nikola is severely wounded.
You block Nikola's attack.
You barely miss Nikola.
Nikola is severely wounded.
Nikola mumbles some strange words.
Lightning arcs from Nikola's hands!
The bolt of lightning hits you!!! You resist.
* * * LOW HITPOINT WARNING * * *
A bolt of lightning appears from out of thin air!
The bolt of lightning hits Nikola.
You hear a shout!
You feel much better.
Nikola casts a spell.
Lightning arcs from Nikola's hands!
The bolt of lightning hits you!!! You resist.
You die...

.........# ..........#
..........# ########
..........# #....#.#
..........# ##....##
..........# ##....#
....(....)# ##...#
....(..?))### ##..#
........)@@)## ##..#
.........)#[.## ##...#
..........#...####∩...#
..........#....##.....#
..........##..........#
..........+.#........##
..........##########+#
####+######


You could see Nikola.

Vanquished Creatures
  A juggernaut (Depths:2)
  the Lernaean hydra (Swamp:4)
  A shard shrike (IceCv)
  Bai Suzhen (Arena)
  Saint Roka (Depths:1)
  3 golden dragons
  A tentacled monstrosity (Depths:3)
  Jorgrun (D:12)
  A lich (Depths:2)
  Rupert (Lair:5)
  A titan (Depths:2)
  Frances (Swamp:1)
  4 tengu reavers
  3 sphinxes (Depths:2)
  2 storm dragons
  2 shadow dragons (Depths:3)
  2 thorn hunters (Swamp:4)
  The ghost of Chilbo the Spry, an adept MfIE of Makhleb (Swamp:3)
  A nagaraja (Snake:4)
  6 fire giants
  An iron dragon (Depths:2)
  Aizul (Snake:1)
  A deep elf sorcerer (Depths:1)
  3 vault wardens (Vaults:1)
  5 frost giants
  Louise (Snake:4)
  A reaper (Depths:3)
  2 spriggan defenders (Depths:1)
  2 ironbound preservers (Vaults:1)
  13 stone giants
  30 very ugly things
  An ironbound thunderhulk (Vaults:1)
  A vampire knight (Depths:2)
  3 bunyips
  4 eleionomae
  A white draconian (IceCv)
  2 jiangshi
  2 merfolk javelineers (Depths:3)
  7 ettins
  2 merfolk impalers
  A yaktaur captain (D:13)
  5 fire dragons
  9 ice dragons
  2 ghost crabs
  13 hydras
  3 rakshasas
  The ghost of monsoonserge the Jinx, a journeyman MfMo of Wu Jian (D:10)
  2 spriggan air magi
  2 death knights
  12 anacondas
  A two-headed ogre (shapeshifter) (Depths:3)
  A boulder beetle (Lair:5)
  4 ironbound frosthearts
  3 vault guards (Vaults:1)
  A boulder beetle (shapeshifter) (Depths:1)
  13 death yaks
  10 centaur warriors
  6 two-headed ogres
  7 deep troll shamans
  5 alligators
  6 deep troll earth magi
  5 orc high priests
  7 tengu warriors
  18 naga warriors
  5 spriggan berserkers
  14 naga sharpshooters
  Urug (Lair:2)
  2 vampire magi
  10 hell knights
  6 shock serpents
  9 iron trolls
  11 salamander mystics
  A fire crab (shapeshifter) (Depths:1)
  A sixfirhy (Depths:3)
  15 deep trolls
  A goliath frog (Lair:5)
  4 skeletal warriors
  13 swamp dragons
  4 spriggan druids
  3 glowing orange brains (Depths:3)
  An orange crystal statue (IceCv)
  12 bog bodies
  6 naga ritualists
  2 wizards
  A flayed ghost (Depths:2)
  4 necromancers
  3 phantasmal warriors
  5 lindwurms (Snake:4)
  An ironbound convoker (Vaults:1)
  A deep elf pyromancer (D:13)
  An orc knight (D:13)
  46 ugly things
  3 orc sorcerers
  16 mana vipers
  2 will-o-the-wisps
  9 cyclopes
  A wolf spider (D:13)
  4 manticores
  17 salamanders
  Maurice (D:11)
  A guardian serpent (shapeshifter) (D:15)
  8 guardian serpents
  12 elephants
  2 vault sentinels (Vaults:1)
  A torpor snail (Lair:1)
  A smoke demon (Depths:3)
  39 black mambas
  17 cane toads
  A gargoyle (D:13)
  A molten gargoyle (Volcano)
  11 naga magi
  An orange demon (Depths:3)
  Maggie (D:10)
  An unseen horror (D:13)
  A kobold demonologist (D:11)
  12 komodo dragons
  10 yaktaurs
  A tengu conjurer (Depths:3)
  A freezing wraith (D:14)
  16 rime drakes
  A rime drake (shapeshifter) (D:14)
  19 polar bears
  5 bloated husks
  11 hornets
  A queen bee (D:10)
  5 meliai
  9 tyrant leeches
  5 trolls
  30 blink frogs
  13 slime creatures
  Sigmund (D:4)
  12 water elementals
  13 spriggans
  2 shadows (D:11)
  2 vampires
  36 yaks
  6 fire bats (Volcano)
  5 wraiths
  6 basilisks
  10 wyverns
  16 humans (D:13)
  17 vampire mosquitoes
  A swamp worm (shapeshifter) (Depths:1)
  30 nagas
  2 wargs (Orc:2)
  17 swamp worms
  2 acid dragons
  14 water moccasins
  A black bear (D:6)
  12 swamp drakes
  22 orc warriors
  3 ice beasts
  A sky beast (D:7)
  6 ogres
  A wolf (Lair:4)
  16 centaurs
  A phantom (D:5)
  4 kobold brigands
  17 bullfrogs
  3 scorpions
  33 killer bees
  A troll skeleton (D:12)
  2 electric eels (Lair:5)
  6 spriggan skeletons (D:12)
  2 howler monkeys
  6 lava snakes (Volcano)
  4 crimson imps (Depths:1)
  4 hounds
  2 gnoll boudas
  2 jellies
  24 orc priests
  A sleepcap (D:6)
  5 iguanas
  Jessica (D:3)
  35 orc wizards
  15 gnolls
  6 adders
  5 shadow imps
  2 white imps (D:7)
  2 ufetubi (D:5)
  A dart slug (D:1)
  82 orcs
  4 ball pythons
  5 bats
  7 endoplasms
  6 goblins
  6 hobgoblins
  2 jackals (D:4)
  A quokka (D:1)
  A frilled lizard (D:2)
  27 kobolds
  4 rats
  A butterfly (Lair:1)
  A spectral weapon (Swamp:3)
1313 creatures vanquished.

Vanquished Creatures (others)
  A wizard (D:6)
  A tengu conjurer (Depths:3)
  A yaktaur (Vaults:1)
  A bloated husk (Swamp:4)
  A spriggan (Swamp:1)
  6 foxfires
11 creatures vanquished.

Grand Total: 1324 creatures vanquished

Notes
Turn   | Place    | Note
-------+----------+-------------------------------------------
     0 | D:1      | Dadbod the Formicid Fighter began the quest for the Orb.
     0 | D:1      | Reached XP level 1. HP: 18/18 MP: 1/1
    71 | D:1      | Found a faded altar of an unknown god.
    81 | D:1      | Prayed at the altar of an unknown god.
    81 | D:1      | Became a worshipper of Elyvilon the Healer
    81 | D:1      | Reached * piety under Elyvilon
   132 | D:1      | Reached XP level 2. HP: 24/24 MP: 2/2
   587 | D:2      | Reached ** piety under Elyvilon
   652 | D:2      | Reached XP level 3. HP: 29/30 MP: 3/3
   731 | D:2      | Reached XP level 4. HP: 23/37 MP: 4/4
   911 | D:2      | Identified the +8 whip of the Dead {freeze, Str+4}
  1706 | D:3      | Found a glowing golden altar of the Shining One.
  1749 | D:3      | Reached *** piety under Elyvilon
  1782 | D:3      | Reached skill level 3 in Axes
  1946 | D:3      | Found a white marble altar of Elyvilon.
  2003 | D:3      | Found a shimmering blue altar of Sif Muna.
  2073 | D:3      | Noticed Jessica
  2078 | D:3      | Killed Jessica
  2079 | D:3      | Reached XP level 5. HP: 40/42 MP: 5/5
  2133 | D:3      | Reached skill level 4 in Axes
  2444 | D:3      | Reached XP level 6. HP: 35/48 MP: 6/6
  2616 | D:4      | Reached skill level 1 in Dodging
  2680 | D:4      | Found a blossoming altar of Fedhas.
  2744 | D:4      | Reached skill level 1 in Evocations
  2906 | D:4      | Reached skill level 1 in Invocations
  2984 | D:4      | Reached XP level 7. HP: 54/54 MP: 8/8
  3095 | D:4      | Reached skill level 5 in Axes
  3129 | D:4      | Noticed Sigmund
  3135 | D:4      | Killed Sigmund
  3136 | D:4      | Reached skill level 1 in Throwing
  3277 | D:4      | Reached **** piety under Elyvilon
  3412 | D:5      | Entered Level 5 of the Dungeon
  3525 | D:5      | Reached skill level 6 in Axes
  3525 | D:5      | Reached XP level 8. HP: 61/61 MP: 9/9
  3582 | D:5      | Found a staircase to the Ecumenical Temple.
  3616 | Temple   | Entered the Ecumenical Temple
  3682 | Temple   | Fell from the grace of Elyvilon
  3682 | Temple   | Became a worshipper of Warmaster Okawaru
  3760 | D:5      | Reached skill level 5 in Shields
  3767 | D:5      | Reached skill level 5 in Fighting
  3962 | D:5      | Reached * piety under Okawaru
  3963 | D:5      | Reached skill level 7 in Axes
  4059 | D:6      | Found a bloodstained altar of Trog.
  4060 | D:6      | Noticed a wizard
  4066 | D:6      | Killed a wizard
  4181 | D:6      | Reached XP level 9. HP: 55/68 MP: 11/11
  4426 | D:6      | Found a sparkling altar of Nemelex Xobeh.
  4643 | D:6      | Identified the +1 helmet of Defence {rElec}
  5034 | D:7      | Reached skill level 5 in Armour
  5203 | D:7      | Reached skill level 8 in Axes
  5344 | D:7      | Reached ** piety under Okawaru
  6487 | D:8      | Found Paoliept's Distillery.
  6581 | D:8      | Reached skill level 1 in Stealth
  6595 | D:8      | Found a snail-covered altar of Cheibriados.
  6661 | D:8      | Reached XP level 10. HP: 75/76 MP: 13/13
  6725 | D:8      | Reached *** piety under Okawaru
  6778 | D:8      | Noticed a komodo dragon
  6801 | D:8      | Killed a komodo dragon
  6889 | D:8      | Found a staircase to the Lair.
  7066 | D:9      | Reached skill level 9 in Axes
  7069 | D:9      | Noticed a two-headed ogre
  7078 | D:9      | Killed a two-headed ogre
  7078 | D:9      | Noticed a two-headed ogre
  7079 | D:9      | Reached skill level 5 in Invocations
  7082 | D:9      | Killed a two-headed ogre
  7082 | D:9      | Reached **** piety under Okawaru
  7121 | D:9      | Received a gift from Okawaru
  7152 | D:9      | Reached XP level 11. HP: 62/83 MP: 15/15
  7241 | D:9      | Reached skill level 10 in Axes
  7530 | D:9      | Identified a scroll of acquirement
  7530 | D:9      | Acquired 356 gold pieces
  7551 | D:9      | Found a hide-covered altar of Uskayaw.
  7808 | D:10     | Entered Level 10 of the Dungeon
  7999 | D:10     | Noticed monsoonserge's ghost (journeyman MfMo)
  8003 | D:10     | Reached skill level 5 in Evocations
  8139 | D:10     | Found a transporter.
  8142 | D:10     | Found a transporter.
  8235 | D:10     | Reached ***** piety under Okawaru
  8269 | D:10     | Reached skill level 5 in Throwing
  8284 | D:10     | Found a stormy altar of Qazlal.
  8319 | D:10     | Found an ornate altar of the Wu Jian Council.
  8446 | D:10     | Noticed Maggie
  8463 | D:10     | Killed Maggie
  8463 | D:10     | Received a gift from Okawaru
  8639 | D:10     | Found a staircase to the Orcish Mines.
  8653 | D:10     | Reached skill level 11 in Axes
  8657 | D:10     | Identified the +3 buckler "Veleczea" {rF+ rCorr Str+2
                  | Dex-3} (Okawaru gifted it to you on level 10 of the
                  | Dungeon)
  8657 | D:10     | Received a gift from Okawaru
  8727 | Orc:1    | Entered Level 1 of the Orcish Mines
  8976 | Lair:1   | Entered Level 1 of the Lair of Beasts
  9062 | Lair:1   | Noticed a death yak
  9088 | Lair:1   | Noticed a death yak
  9095 | Lair:1   | Killed a death yak
  9102 | Lair:1   | Killed a death yak
  9103 | Lair:1   | Reached XP level 12. HP: 68/91 MP: 14/16
  9822 | Lair:2   | Noticed Urug
  9843 | Lair:2   | Killed Urug
 10064 | Lair:2   | Reached skill level 12 in Axes
 10553 | Lair:3   | Received a gift from Okawaru
 10671 | Lair:3   | Reached skill level 5 in Dodging
 10884 | Lair:3   | Received a gift from Okawaru
 11018 | Lair:3   | Identified the +6 spear "Xetu Lone" {flame, rC++ rN+ SInv}
 11056 | Lair:3   | Received a gift from Okawaru
 11145 | Lair:3   | Reached ****** piety under Okawaru
 11166 | Lair:3   | Received a gift from Okawaru
 11314 | Lair:3   | Found a staircase to the Snake Pit.
 11537 | Lair:3   | Found a staircase to the Swamp.
 11550 | Lair:3   | Reached XP level 13. HP: 67/98 MP: 15/18
 11708 | Lair:3   | Received a gift from Okawaru
 12052 | Lair:4   | Reached skill level 13 in Axes
 12080 | Lair:4   | You fall into a shaft and drop 1 floor!
 12080 | Lair:5   | Entered Level 5 of the Lair of Beasts
 12130 | Lair:5   | Found an ornate altar of the Wu Jian Council.
 12130 | Lair:5   | Found a hide-covered altar of Uskayaw.
 12274 | Lair:5   | Received a gift from Okawaru
 12381 | Lair:5   | Received a gift from Okawaru
 12546 | Lair:5   | Noticed a five-headed hydra
 12556 | Lair:5   | Killed a three-headed hydra
 12745 | Lair:5   | Noticed Rupert
 12747 | Lair:5   | Identified the scarf of Okawaru, Bashing {repulsion, rC+
                  | Dex+3 Stlth+} (Okawaru gifted it to you on level 5 of the
                  | Lair of Beasts)
 12747 | Lair:5   | Received a gift from Okawaru
 12764 | Lair:5   | Killed Rupert
 12952 | Lair:5   | Reached skill level 14 in Axes
 13034 | Lair:5   | Reached XP level 14. HP: 95/108 MP: 19/19
 13121 | Lair:5   | Found a staircase to the Slime Pits.
 13121 | Lair:5   | Found a viscous altar of Jiyva.
 13379 | Lair:5   | Received a gift from Okawaru
 13523 | Lair:5   | Reached skill level 10 in Shields
 13545 | Lair:5   | Reached skill level 15 in Axes
 14116 | Lair:4   | Reached skill level 10 in Fighting
 14664 | Lair:4   | Found a runed translucent gate.
 14665 | Lair:4   | Found a runed translucent gate.
 14666 | Lair:4   | Found a runed translucent gate.
 14668 | Lair:4   | Noticed a rockslime
 14669 | Lair:4   | Noticed an azure jelly
 14669 | Lair:4   | Noticed an azure jelly
 14669 | Lair:4   | Noticed Tirrikindir's ghost (journeyman GrBe)
 14669 | Lair:4   | Noticed a quicksilver ooze
 14669 | Lair:4   | Noticed an acid blob
 14670 | Lair:4   | Noticed an azure jelly
 14670 | Lair:4   | Noticed an azure jelly
 14681 | Lair:4   | Found a viscous altar of Jiyva.
 15048 | Lair:5   | Identified the +1 pair of boots of Inference {+Inv rPois}
                  | (Okawaru gifted it to you on level 5 of the Lair of Beasts)
 15048 | Lair:5   | Received a gift from Okawaru
 15095 | Lair:5   | Identified the +1 helmet of Cojakig {rElec rC+++ Str-3
                  | Stlth+}
 15098 | Lair:5   | Identified the +5 arbalest "Niphips" {heavy, Int+4 Dex+5}
 15839 | Orc:2    | Entered Level 2 of the Orcish Mines
 15839 | Orc:2    | Found a dark tunnel.
 15848 | Orc:2    | Reached XP level 15. HP: 116/116 MP: 20/20
 15929 | Volcano  | Entered a volcano
 15953 | Volcano  | Reached skill level 16 in Axes
 16094 | Volcano  | Found a radiant altar of Vehumet.
 16255 | Orc:2    | Found Ohuune's Book Emporium.
 16392 | Orc:1    | Found Puxiaps's Firing Range.
 16420 | Orc:1    | Bought 3 boomerangs for 96 gold pieces
 16715 | Orc:1    | Found Oggeh's Distillery.
 17120 | Arena    | Entered the Arena
 17343 | Orc:2    | Identified the +0 pair of gloves of the Merchant {+Inv
                  | Str+3 Dex-5} (Okawaru gifted it to you on level 2 of the
                  | Orcish Mines)
 17343 | Orc:2    | Received a gift from Okawaru
 17365 | Orc:2    | Found Ysakex's Magic Scroll Emporium.
 17365 | Orc:2    | Found Tozaguduv's Armour Shoppe.
 17372 | Orc:2    | Found Adezisax's Antique Armour Shoppe.
 17375 | Orc:2    | Found Ytirphop's Antique Armour Emporium.
 17410 | Orc:2    | Found a staircase to the Elven Halls.
 17492 | Orc:2    | Found Keqynn's Armour Shop.
 17550 | Orc:2    | Found Iteal's Assorted Antiques.
 17558 | Orc:2    | Bought a twisted peridot ring for 130 gold pieces
 17831 | Orc:1    | Bought a potion of heal wounds for 75 gold pieces
 17831 | Orc:1    | Bought a potion of curing for 45 gold pieces
 17831 | Orc:1    | Bought a potion of heal wounds for 75 gold pieces
 17831 | Orc:1    | Bought 2 potions of heal wounds for 150 gold pieces
 17831 | Orc:1    | Bought a potion of curing for 45 gold pieces
 17831 | Orc:1    | Bought 2 potions of might for 120 gold pieces
 17831 | Orc:1    | Bought a potion of invisibility for 120 gold pieces
 18020 | Snake:1  | Entered Level 1 of the Snake Pit
 18515 | Snake:1  | Reached skill level 10 in Armour
 18622 | Snake:1  | Reached skill level 17 in Axes
 19464 | Snake:1  | Noticed Aizul
 19482 | Snake:1  | Killed Aizul
 20419 | Elf:1    | Entered Level 1 of the Elven Halls
 20634 | Swamp:1  | Entered Level 1 of the Swamp
 20638 | Swamp:1  | Received a gift from Okawaru
 20867 | Swamp:1  | Reached XP level 16. HP: 92/126 MP: 21/21
 21322 | Swamp:1  | Noticed Frances
 21338 | Swamp:1  | Killed Frances
 22700 | Swamp:3  | Identified the +2 chain mail "Oba Kyfasch" {rN+} (Okawaru
                  | gifted it to you on level 3 of the Swamp)
 22700 | Swamp:3  | Received a gift from Okawaru
 22794 | Swamp:3  | Identified the +1 robe of Voracious Brilliance {Regen+}
 22877 | Swamp:3  | Gained mutation: You are frail. (-10% HP) [potion of
                  | mutation]
 22877 | Swamp:3  | Gained mutation: You have very sharp teeth. [potion of
                  | mutation]
 22878 | Swamp:3  | Lost mutation: You have very sharp teeth. [potion of
                  | mutation]
 22878 | Swamp:3  | Lost mutation: You are frail. (-10% HP) [potion of
                  | mutation]
 22878 | Swamp:3  | Gained mutation: You possess an exceptional clarity of
                  | mind. [potion of mutation]
 22878 | Swamp:3  | Gained mutation: You expend magic power (3 MP) to
                  | strengthen your wands. [potion of mutation]
 22878 | Swamp:3  | Gained mutation: You are weak. (Str -2) [potion of
                  | mutation]
 22878 | Swamp:3  | Gained mutation: You have sharp toenails. [potion of
                  | mutation]
 23000 | Swamp:3  | Found a runed translucent door.
 23002 | Swamp:3  | Noticed Chilbo's ghost (adept MfIE)
 23030 | Swamp:3  | Killed Chilbo's ghost
 23392 | Swamp:4  | Entered Level 4 of the Swamp
 24635 | Swamp:4  | Reached skill level 18 in Axes
 25300 | Swamp:4  | Noticed the 27-headed Lernaean hydra
 25382 | Swamp:4  | Received a gift from Okawaru
 25515 | Swamp:4  | Reached XP level 17. HP: 129/133 MP: 23/23
 25532 | Swamp:4  | Noticed a thorn hunter
 25544 | Swamp:4  | Killed a thorn hunter
 25567 | Swamp:4  | Noticed a thorn hunter
 25584 | Swamp:4  | Killed a thorn hunter
 26079 | Swamp:4  | Killed the 27-headed Lernaean hydra
 26095 | Swamp:4  | Got a decaying rune of Zot
 26572 | Snake:1  | Received a gift from Okawaru
 27027 | Snake:2  | Found Fodosmul's Weapon Boutique.
 27031 | Snake:2  | Found Xiggat's Distillery.
 27032 | Snake:2  | Found Mitygaru's Antique Weapon Boutique.
 27129 | Snake:2  | Received a gift from Okawaru
 28362 | Snake:3  | Reached skill level 19 in Axes
 28892 | Snake:3  | Received a gift from Okawaru
 29215 | Snake:3  | Reached XP level 18. HP: 119/142 MP: 12/25
 29872 | Snake:4  | Entered Level 4 of the Snake Pit
 30200 | Snake:4  | Noticed Bai Suzhen
 30205 | Snake:4  | Received a gift from Okawaru
 30227 | Arena    | Entered the Arena
 30228 | Arena    | Killed Bai Suzhen
 30538 | Snake:4  | Found Egebu's Antique Weapon Shoppe.
 30546 | Snake:4  | Noticed Louise
 30569 | Snake:4  | Killed Louise
 30570 | Snake:4  | Reached skill level 10 in Invocations
 30829 | Snake:4  | Identified the +2 pair of boots "Vaintentej" {Regen+ rCorr
                  | Int+3 Dex+2} (Okawaru gifted it to you on level 4 of the
                  | Snake Pit)
 30829 | Snake:4  | Received a gift from Okawaru
 30950 | Snake:4  | Reached skill level 15 in Shields
 31094 | Snake:4  | Got a serpentine rune of Zot
 31350 | Snake:4  | Identified the +0 robe of the Blessed Realm {*Corrode rElec
                  | Will+ Stlth+}
 31810 | D:10     | Killed monsoonserge's ghost
 32220 | D:11     | Noticed Maurice
 32224 | D:11     | Killed Maurice
 32432 | D:11     | Found a bloodstained altar of Trog.
 32872 | D:12     | Identified the +0 crystal plate armour of Zyrch {+Inv
                  | Int+2} (Okawaru gifted it to you on level 12 of the
                  | Dungeon)
 32872 | D:12     | Received a gift from Okawaru
 32873 | D:12     | Reached XP level 19. HP: 148/149 MP: 26/26
 33216 | D:12     | Noticed Jorgrun
 33231 | D:12     | Killed Jorgrun
 33565 | D:13     | Found a gate to the Vaults.
 33774 | D:13     | Reached skill level 20 in Axes
 34520 | D:14     | Received a gift from Okawaru
 34667 | D:14     | Identified the +2 kite shield of Golden Lucidity {Rampage
                  | rC++ Regen+ Str-5} (Okawaru gifted it to you on level 14 of
                  | the Dungeon)
 34667 | D:14     | Received a gift from Okawaru
 35238 | D:15     | Entered Level 15 of the Dungeon
 35305 | D:15     | Found a frozen archway.
 35316 | IceCv    | Entered an ice cave
 35550 | IceCv    | Noticed a shard shrike
 35593 | IceCv    | Killed a shard shrike
 35638 | IceCv    | Identified the amulet of Imiu {Acrobat Will- Regen+ Dex+6}
 36075 | D:15     | Reached skill level 21 in Axes
 36333 | D:15     | Found a staircase to the Depths.
 36339 | D:15     | Received a gift from Okawaru
 36343 | D:15     | Reached XP level 20. HP: 139/159 MP: 27/27
 36801 | Depths:1 | Entered Level 1 of the Depths
 36819 | Depths:1 | Found a portal to a secret trove of treasure.
 36839 | Depths:1 | Found a gateway to Hell.
 36850 | Depths:1 | Received a gift from Okawaru
 36899 | Depths:1 | Noticed Saint Roka
 36911 | Depths:1 | Killed Saint Roka
 36911 | Depths:1 | Identified the +12 halberd of Ancient Evil {heavy, rElec
                  | rF+ Stlth+} (Okawaru gifted it to you on level 1 of the
                  | Depths)
 36911 | Depths:1 | Received a gift from Okawaru
 37043 | Depths:1 | Found a shimmering altar of Xom.
 37130 | Depths:1 | Found a one-way gate to the infinite horrors of the Abyss.
 37194 | Depths:1 | Found a one-way gate leading to the halls of Pandemonium.
 37363 | Depths:1 | Received a gift from Okawaru
 37730 | Depths:2 | Reached skill level 15 in Fighting
 38053 | Depths:1 | Reached skill level 22 in Axes
 38320 | Depths:2 | Received a gift from Okawaru
 38321 | Depths:2 | Reached XP level 21. HP: 169/169 MP: 28/28
 38511 | Depths:2 | Identified the +5 chain mail of Instinct {rPois Int+3}
                  | (Okawaru gifted it to you on level 2 of the Depths)
 38511 | Depths:2 | Received a gift from Okawaru
 38533 | Depths:2 | Noticed a juggernaut
 38540 | Depths:2 | Killed a juggernaut
 38552 | Depths:2 | Noticed a golden dragon
 38602 | Depths:2 | Killed a golden dragon
 38710 | Depths:2 | Noticed a golden dragon
 38788 | Depths:1 | Killed a golden dragon
 38954 | Depths:1 | Acquired 1308 gold pieces
 39122 | Depths:2 | Received a gift from Okawaru
 39131 | Depths:2 | Reached skill level 23 in Axes
 39294 | Depths:2 | Identified the +1 scale mail of Qadavveo {Harm Str+7
                  | Stlth-}
 39980 | Depths:2 | Found Vuyzean's Antique Armour Emporium.
 40092 | Depths:2 | Reached XP level 22. HP: 138/178 MP: 29/29
 40167 | Depths:3 | Noticed a golden dragon
 40185 | Depths:3 | Killed a golden dragon
 40510 | Depths:3 | Received a gift from Okawaru
 40614 | Depths:3 | Reached skill level 10 in Dodging
 41037 | Depths:3 | Found a one-way gateway to a ziggurat.
 41244 | Vaults:1 | Entered Level 1 of the Vaults
 41306 | Vaults:1 | Received a gift from Okawaru
 41336 | Vaults:1 | Noticed Nikola
 41359 | Vaults:1 | Received a gift from Okawaru
 41374 | Vaults:1 | Killed from afar by Nikola

Illustrated notes

Levels and vault maps discovered:
D:1:      lightli_arrival_chessboard, layout_loops_ring,
          ebering_ecumenical_altar_box
D:2:      layout_basic, minmay_increasing_density
D:3:      layout_basic, mainiacjoe_overflow_brackets, overflow_temple_1_default,
          general_overflow_altar, uniq_jessica
D:4:      layout_basic, fedhas_altar_3, uniq_sigmund
D:5:      layout_rooms, minmay_temple_entry_water_ring
D:6:      layout_gridville, nemelex_xobeh_ov_fountains_minmay, trog_wizard
D:7:      layout_layer_cave
D:8:      layout_gridville, marbit_many_paths, erik_lair_dragon, serial_shops,
          nicolae_shop_real_fake_doors
D:9:      layout_cave_pools, nicolae_uskayaw_murder_on_the_dancefloor
D:10:     layout_roguey, mainiacjoe_overflow_catwalk_spiral, orc_0_dummy,
          gammafunk_ghost_hive, nicolae_sextant, uniq_maggie
D:11:     layout_roguey, nicolae_hexahallways, trog_hazing_becter, uniq_maurice
D:12:     layout_irregular_city, hangedman_tell_no_tales, uniq_jorgrun
D:13:     minmay_outward_triangles, layout_cave_pools, david_vaults_3,
          grunt_tough_drop
D:14:     layout_basic, serial_bayou_lagoon_a
D:15:     grunt_enter_depths_snipers, layout_loops_ring,
          portal_ice_cave_entry_dragon, minmay_stone_trees_small
Temple:   hellmonk_temple_flake
Lair:1:   layout_long_grid, lemuel_fruit_fields
Lair:2:   layout_chaotic_city, lemuel_fruit_fields, uniq_urug
Lair:3:   layout_regular_city, minmay_swamp_entry_worms, dummy_snake_entry,
          grunt_megastairs_4
Lair:4:   regret_index_harrowing_hell_hive, layout_gridlike,
          gammafunk_ghost_ooze
Lair:5:   minmay_lair_end_frog_pond, layout_layer_cave, slime_entry_1,
          nzn_masters_of_martial_movement, uniq_rupert
Swamp:1:  layout_basic_swamp, hangedman_swamp_ruin_wall, nicolae_swamp_oxbows,
          uniq_frances
Swamp:2:  layout_basic_swamp, nicolae_swamp_little_swirl, swamp_pool1
Swamp:3:  layout_basic_swamp, gammafunk_ghost_grave, serial_swamp_ruin,
          evilmike_swamp_ruin_house_3, evilmike_swamp_ruin_house_1,
          evilmike_swamp_ruin_rubble_1
Swamp:4:  grunt_swamp_rune_castle, layout_basic_swamp, swamp_pool5,
          infiniplex_staircase_pool
Snake:1:  layout_layer_cave, grunt_megastairs_2, uniq_aizul
Snake:2:  layout_cave_pods, serial_bayou_shore_b, minmay_shop_star
Snake:3:  layout_honeycomb
Snake:4:  snake_pit_salamanders_mu, layout_cave_shapes, serial_shops,
          nicolae_shop_hallway_stairs, uniq_bai_suzhen, uniq_louise
Orc:1:    layout_caves, serial_shops, nicolae_shop_advertising_works
          [nicolae_subvault_shop_adworks], nicolae_shop_firing_range
Orc:2:    st_orc_mages, layout_diamond_mine, serial_shops,
          nicolae_shop_tiny_glass, nicolae_shop_statue_plus, shop,
          nicolae_volcano_entry_hallway, statue_in_the_mist_lemuel
Elf:1:    eino_elf_arrival_customs, layout_geoelf_octagon, serial_shops, shop,
          minmay_elf_demonology
Vaults:1: nicolae_vaults_layer_cake_slice, nicolae_vaults_little_squares_3,
          hangedman_vaults_impose, vaults_dpeg_diagonal,
          nicolae_vaults_diagonal_hallway_6, nicolae_vaults_security_offices_6,
          layout_vaults_big_room, serial_shops, nicolae_shop_window_shopping,
          uniq_nikola
Depths:1: layout_long_grid, nicolae_trove_entry_free_sample,
          minmay_misc_feat_more_columns, pan_entry,
          nicolae_abyss_entry_one_way_or_another, hell_entry, led_xom_imps,
          grunt_megastairs_3, uniq_saint_roka
Depths:2: grunt_bent_corner, layout_cave_pools, nicolae_figureground_pulse,
          serial_shops, nicolae_shop_behind_doors, pan_entry, grunt_metal_band,
          serial_bayou_shore_a, minmay_staircase_windowed_small
Depths:3: kennysheep_room_grid, layout_cave_pools, enter_ziggurat_e,
          hangedman_abyss_entry_splay, rand_demon_pan_entry_5,
          hangedman_coc_ice_floe

Skill      XL: |  1  2  3  4  5  6  7  8  9 10 11 12 13 14 15 16 17 18 19 20 21 22 |
---------------+-------------------------------------------------------------------+-----
Axes           | 3 4 6 7 8 9 11 12 14 15 17 18 19 21 22 23 | 23.6
Fighting       | 4 5 6 7 8 9 10 11 12 13 14 15 16 | 16.6
Dodging        | 1 2 3 4 5 6 7 8 9 10 | 10.1
Evocations     | 1 2 3 4 5 6 7 8 9 |  9.0
Invocations    | 1 2 3 4 5 6 7 8 9 10 | 10.8
Throwing       | 2 3 4 5 6 7 8 9 |  9.9
Armour         | 4 5 6 7 8 9 10 11 12 13 | 13.2
Shields        | 5 6 7 8 9 10 11 12 13 16 18 19 20 | 20.4
Stealth        | 1 2 3 |  3.6

Action                     |  1- 3 |  4- 6 |  7- 9 | 10-12 | 13-15 | 16-18 | 19-21 | 22-24 || total
---------------------------+-------+-------+-------+-------+-------+-------+-------+-------++-------
  Melee: War axe           |    66 |    96 |   213 |   455 |   180 |    51 |       |       ||  1061
         Executioner's axe |       |       |       |       |   567 |   729 |   991 |   255 ||  2542
         Broad axe         |       |       |       |       |     3 |       |       |       ||     3
  Throw: Boomerang         |       |       |     4 |    34 |   109 |   120 |    14 |    29 ||   310
         Dart              |       |       |       |       |       |     5 |     1 |       ||     6
         Javelin           |       |       |       |       |       |    25 |    34 |     2 ||    61
 Invoke: Heroism           |       |       |       |     5 |     3 |     6 |       |       ||    14
         Finesse           |       |       |       |       |     1 |     3 |       |       ||     4
         Duel              |       |       |       |       |     1 |     1 |       |       ||     2
Ability: Dig               |       |       |     1 |       |     1 |       |     1 |       ||     3
  Evoke: Wand              |       |       |       |     4 |     5 |     7 |     1 |       ||    17
         Lightning rod     |       |       |       |       |       |       |     4 |       ||     4
    Use: Scroll            |       |    12 |     6 |     5 |     2 |     6 |     5 |       ||    36
         Potion            |       |     1 |     1 |     2 |     6 |     5 |     3 |     2 ||    20
   Stab: Paralysed         |       |       |       |     5 |       |       |       |       ||     5
         Invisible         |       |       |       |       |     5 |       |     1 |       ||     6
         Confused          |       |       |       |       |       |     1 |       |       ||     1
         Sleeping          |       |       |       |       |       |       |     2 |       ||     2
 Armour: Scale mail        |    50 |    51 |    87 |   111 |   100 |       |       |       ||   399
         Chain mail        |       |       |       |       |    73 |   189 |   160 |    17 ||   439
         Plate armour      |       |       |       |       |       |       |    64 |       ||    64
         Storm dragon scal |       |       |       |       |       |       |       |    15 ||    15
  Dodge: Dodged            |    35 |    44 |    99 |   276 |   483 |   439 |   430 |    77 ||  1883
         Repelled          |       |       |       |       |    11 |    41 |     7 |     3 ||    62
  Block: Buckler           |    24 |    21 |    38 |   105 |   374 |   325 |       |       ||   887
         Tower shield      |       |       |       |       |       |   187 |   999 |   172 ||  1358
         Kite shield       |       |       |       |       |       |       |   152 |       ||   152
